 Dungeon Crawl Stone Soup version 0.29-a0-251-g80730f7218 (webtiles) character file.

Game seed: 16753668025554618568

35 Crownlay the Chopper (level 3, 0/33 HPs)
             Began as a Hill Orc Fighter on Mar 5, 2022.
             Succumbed to an adder's poison
             ... on level 2 of the Dungeon.
             The game lasted 00:01:48 (1194 turns).

Crownlay the Chopper (Hill Orc Fighter)             Turns: 1194, Time: 00:01:49

Health: 0/33       AC:  6    Str: 17 (20) XL:     3   Next: 35%
Magic:  3/3        EV:  9    Int:  5 (8)  God:
Gold:   64         SH:  4    Dex:  9 (10) Spells: 2/2 levels left

rFire   . . .      SeeInvis .   a - +0 war axe
rCold   + . .      Faith    .   c - +0 buckler
rNeg    . . .      Spirit   .   b - +0 scale mail
rPois   .          Reflect  .   (no helmet)
rElec   .          Harm     .   (no cloak)
rCorr   .          Rampage  .   (no gloves)
Will    .....                   (no boots)
Stlth   ..........              (no amulet)
HPRegen 0.11/turn               (no ring)
MPRegen 0.08/turn               (no ring)

@: lethally poisoned (0 -> -3)
A: cold resistance 1, evolution 1
a: no special abilities


You were on level 2 of the Dungeon.
You visited 1 branch of the dungeon, and saw 2 of its levels.

You collected 64 gold pieces.

Inventory:

Hand Weapons
 a - a +0 war axe (weapon)
Armour
 b - a +0 scale mail (worn)
 c - a +0 buckler (worn)
Scrolls
 e - 3 scrolls of blinking {unknown}
 f - a scroll of vulnerability {unknown}
 g - a scroll of identify {unknown}
 h - 2 scrolls of fear {unknown}
Potions
 d - a potion of might


   Skills:
 + Level 4.2 Fighting
 * Level 4.3 Axes
 - Level 3.2 Armour
 - Level 3.2 Shields


You had 2 spell levels left.
You didn't know any spells.
Your spell library was empty.

Dungeon Overview and Level Annotations

Branches:
Dungeon (2/15)

Altars:

Shops:
D:2 (


Innate Abilities, Weirdness & Mutations

Your flesh is cold resistant. (rC+)
You have hidden genetic potential.


Message History

You are poisoned.
The adder poisons you!
You barely miss the adder.
You feel sick. The adder bites you but does no damage. The adder bites you.
You are more poisoned.
The adder poisons you!
You closely miss the adder.
You feel sick. The adder barely misses you.
You are too injured to fight recklessly!
You are too injured to fight recklessly!
You hit the adder but do no damage.
You feel sick. The adder completely misses you. You block the adder's attack.
You closely miss the adder.
You feel sick.
The adder bites you but does no damage. x2
You barely miss the adder.
You feel sick. The adder closely misses you.
The adder bites you but does no damage.
You closely miss the adder.
You feel sick. The adder bites you.
* * * LOW HITPOINT WARNING * * *
You are lethally poisoned!
The adder poisons you!
It was a potion of mutation.
You feel extremely strange.
You feel resistant to cold.
You feel a hidden potential growing inside you.
* * * LOW HITPOINT WARNING * * *
You feel sick. The adder bites you but does no damage.
The adder barely misses you.
It was a potion of degeneration.
There was something very wrong with that liquid.
You feel weakened.
You feel dopey.
You feel clumsy.
* * * LOW HITPOINT WARNING * * *
You feel sick. The adder completely misses you.
* * * LOW HITPOINT WARNING * * *
You feel sick.
* * * LOW HITPOINT WARNING * * *
You feel sick. The adder closely misses you.
Okay, then.
Okay, then.
Okay, then.
You hit the adder.
The adder is moderately wounded.
You die...

..#
.........###.#.
..#####
.##...#.####.#
....... ....
#.####.# .....#
#... #......#
.....#
#....##..####
.....#
#....##..#
.....+
#........#
.....#
#.##.....#
#....# #...@.##
#..#.# #....S.#
#..#.# #......#
#..# .
#............. #
.#
.......##!####.#
# .###'### .. #
# #. #.# # .. ..
# #. ...


You could see an adder.

Vanquished Creatures
  3 ball pythons (D:1)
  4 endoplasms (D:1)
  2 giant cockroaches
  3 goblins (D:1)
  3 hobgoblins
  2 kobolds (D:1)
  2 quokkas
  5 bats
  2 frilled lizards
  5 rats
31 creatures vanquished.

Notes
Turn   | Place    | Note
-------+----------+-------------------------------------------
     0 | D:1      | Crownlay the Hill Orc Fighter began the quest for the Orb.
     0 | D:1      | Reached XP level 1. HP: 19/19 MP: 1/1
   214 | D:1      | Reached XP level 2. HP: 20/27 MP: 2/2
   700 | D:1      | Reached XP level 3. HP: 33/33 MP: 3/3
   987 | D:2      | Found Paeddum's Antique Weapon Shoppe.
  1190 | D:2      | Gained mutation: Your flesh is cold resistant. (rC+)
                  | [potion of mutation]
  1190 | D:2      | Gained mutation: You have hidden genetic potential. [potion
                  | of mutation]
  1193 | D:2      | HP: 1/33 [poisoned by an adder]
  1194 | D:2      | Succumbed to an adder's poison

Illustrated notes

Levels and vault maps discovered:
D:1:      lightli_arrival_chessboard, layout_loops_cross
D:2:      layout_basic, serial_shops, shop, minmay_crystal_water

Skill      XL: |  1  2 |
---------------+-------+-----
Axes           | 3 4 |  4.3
Fighting       | 4 |  4.2
Armour         | |  3.2
Shields        | |  3.2

Action                   || total
-------------------------++-------
Melee: War axe           ||    92
  Use: Potion            ||     2
Armor: Scale mail        ||    57
Dodge: Dodged            ||    46
Block: Buckler           ||    17

Table legend: (Time is in decaauts)
 A = Elapsed time spent in this place.
 B = Non-inter-level travel time spent in this place.
 C = Inter-level travel time spent in this place.
 D = Time resting spent in this place.
 E = Time spent auto-exploring this place.
 F = Levels seen in this place.
 G = Mean time per level.
                   A        B        C        D        E       F      G
               +--------+--------+--------+--------+--------+-----+--------+
         Total |   1224 |   1183 |     41 |      0 |    954 |   2 |  612.0 |
       Dungeon |   1224 |   1183 |     41 |      0 |    954 |   2 |  612.0 |
               +--------+--------+--------+--------+--------+-----+--------+

Top non-repeatable levels by time:
     D:1: 868 daAuts
     D:2: 356 daAuts
